 Dungeon Crawl Stone Soup version 0.21.1-1-g345015f (webtiles) character file.

745 inc the Insei (level 7, -10/50 HPs)
             Began as an Octopode Transmuter on June 11, 2018.
             Was an Initiate of Makhleb.
             Mangled by an ice beast (14 damage)
             ... on level 5 of the Dungeon.
             The game lasted 00:07:25 (4825 turns).

inc the Insei (Octopode Transmuter)                 Turns: 4825, Time: 00:07:25

Health: -10/50     AC:  1    Str: 11    XL:     7   Next: 76%
Magic:  8/10       EV: 13    Int: 15    God:    Makhleb [......]
Gold:   226        SH:  0    Dex: 13    Spells: 6/10 levels left

rFire    . . .     SeeInvis .     - Unarmed
rCold    . . .     Gourm    .   (no shield)
rNeg     + . .     Faith    .   (helmet restricted)
rPois    .         Spirit   .   (no amulet)
rElec    .         Reflect  .   i - ring of positive energy
rCorr    .         Harm     .   (no ring)
MR       .....                  (no ring)
Stlth    ++........             (no ring)
HPRegen  0.16/turn              (no ring)
MPRegen  0.12/turn              (no ring)
                                (no ring)
                                (no ring)

@: confusing touch, very slightly contaminated
A: almost no armour, stealthy swim, amphibious, 8 rings, constrict 8, camouflage
1, gelatinous body 1
a: Renounce Religion


You were on level 5 of the Dungeon.
You worshipped Makhleb.
Makhleb was noncommittal.
You were not hungry.

You visited 2 branches of the dungeon, and saw 6 of its levels.

You collected 226 gold pieces.

Inventory:

Missiles
 a - 29 arrows
Jewellery
 i - a ring of positive energy (left tentacle)
 n - an uncursed ring of fire
Scrolls
 g - 2 scrolls of enchant armour
 h - 7 scrolls of teleportation
 r - a scroll of magic mapping {unknown}
Potions
 d - a potion of lignification
 e - a potion of cancellation
 k - a potion of agility
 l - a potion of heal wounds
 m - a potion of haste
 o - a potion of brilliance
 q - a potion of ambrosia
Books
 b - a book of Changes

   Spells                             Type                      Level
   a - Beastly Appendage              Transmutation                1
   b - Sticks to Snakes               Transmutation                2
   c - Spider Form                    Transmutation/Poison         3
   d - Ice Form                       Ice/Transmutation            4
   e - Blade Hands                    Transmutation                5
 f - a book of Cantrips

   Spells                             Type                      Level
   a - Confusing Touch                Hexes                        1
   b - Animate Skeleton               Necromancy                   1
   c - Summon Small Mammal            Summoning                    1
   d - Apportation                    Translocation                1
 p - a book of Minor Magic

   Spells                             Type                      Level
   a - Magic Dart                     Conjuration                  1
   b - Blink                          Translocation                2
   c - Call Imp                       Summoning                    2
   d - Slow                           Hexes                        2
   e - Conjure Flame                  Conjuration/Fire             3
   f - Mephitic Cloud                 Conjuration/Poison/Air       3
Comestibles
 c - 6 rations


   Skills:
 + Level 5.5 Fighting
 - Level 2.0 Dodging
 - Level 6.0 Unarmed Combat
 - Level 2.0 Spellcasting
 - Level 2.9 Translocations
 - Level 2.0 Transmutations


You had 6 spell levels left.
You knew the following spells:

 Your Spells              Type           Power        Failure   Level  Hunger
a - Beastly Appendage     Tmut           #.....       10%         1    #......
b - Blink                 Tloc           N/A          10%         2    ###....
c - Confusing Touch       Hex            #.....       22%         1    #......


Dungeon Overview and Level Annotations

Branches:
Dungeon (5/15)             Temple (1/1) D:5

Altars:
Ashenzari
Cheibriados
Dithmenos
Fedhas
Hepliaklqana
Makhleb
Okawaru
Ru
Sif Muna
Trog
Uskayaw
Vehumet
Wu Jian
Xom
The Shining One

Annotations:
D:5 Ijyb; Prince Ribbit; inc's ghost, novice OpFi


Innate Abilities, Weirdness & Mutations

You cannot wear most types of armour.
You are very stealthy in the water. (Stealth+)
You are amphibious.
You can wear up to eight rings at the same time.
You can use your tentacles to constrict eight enemies at once.
Your skin changes colour to match your surroundings (Stealth+).
Your rubbery body absorbs attacks. (AC +1, EV +1)


Message History

The ice beast is moderately wounded.
The ice beast closely misses you.
You tentacle-slap the ice beast but do no damage.
The ice beast is moderately wounded.
You barely miss the ice beast. Your squeeze misses the ice beast.
The ice beast is moderately wounded.
The ice beast hits you. The ice beast freezes you!
* * * LOW HITPOINT WARNING * * *
Casting: Confusing Touch
Confirm with . or Enter, or press ? or * to list all spells.
You miscast Confusing Touch.
You are very lightly contaminated with residual magic.
Nothing appears to happen.
The ice beast barely misses you.
Unknown command.
Casting: Confusing Touch
Confirm with . or Enter, or press ? or * to list all spells.
Your tentacles begin to glow red.
The ice beast hits you.
* * * LOW HITPOINT WARNING * * *
The ice beast freezes you!
You die...

####### .....=.
#..)... #......######
........ZY@.#########
##.....####....P....##
#.....####.....PPP..#
.................>...#
#.......###..†..PPPP.#
#........ #......P...#
#.#.### #.#..........#
. .... #....#########
.## ####........#


You could see an ice beast and a ball python zombie.

Vanquished Creatures
  Sigmund (D:3)
  Menkaure (D:5)
  An ogre (D:4)
  A bullfrog zombie (D:5)
  A crimson imp (D:3)
  An orc priest (D:4)
  2 orc wizards (D:4)
  2 iguanas (D:5)
  A worker ant (D:2)
  4 adders
  An adder skeleton (D:2)
  2 adder zombies
  2 worms
  A dart slug (D:3)
  3 leopard geckos
  16 orcs
  2 bat skeletons (D:2)
  A bat zombie (D:2)
  5 giant cockroaches
  8 goblins
  5 hobgoblins
  8 jackals
  3 quokkas
  3 ball pythons
  11 bats
  4 frilled lizards
  A jackal skeleton (D:3)
  8 kobolds
  9 rats
108 creatures vanquished.

Notes
Turn   | Place    | Note
-------+----------+-------------------------------------------
     0 | D:1      | inc the Octopode Transmuter began the quest for the Orb.
     0 | D:1      | Reached XP level 1. HP: 13/13 MP: 3/3
   176 | D:1      | Reached XP level 2. HP: 18/18 MP: 5/5
   646 | D:1      | Reached skill level 4 in Unarmed Combat
   654 | D:1      | Reached XP level 3. HP: 2/23 MP: 6/6
  1620 | D:2      | Reached XP level 4. HP: 27/28 MP: 7/7
  1697 | D:2      | Found a bloodstained altar of Trog.
  1699 | D:2      | Found a shattered altar of Ashenzari.
  1702 | D:2      | Reached skill level 5 in Unarmed Combat
  1715 | D:2      | Found a hide-covered altar of Uskayaw.
  1715 | D:2      | Found a radiant altar of Vehumet.
  2369 | D:3      | Found an iron altar of Okawaru.
  2377 | D:3      | Reached XP level 5. HP: 28/33 MP: 8/8
  2468 | D:3      | You fall through a shaft for 2 floors!
  2468 | D:5      | Entered Level 5 of the Dungeon
  2468 | D:5      | Noticed an ogre
  2488 | D:5      | Learned a level 2 spell: Blink
  2503 | D:5      | Reached skill level 6 in Unarmed Combat
  2516 | D:5      | Noticed Menkaure
  2530 | D:5      | Noticed inc's ghost (novice OpFi)
  2530 | D:5      | Killed Menkaure
  2530 | D:5      | Reached XP level 6. HP: 14/41 MP: 7/9
  2543 | D:5      | Found a shadowy altar of Dithmenos.
  2743 | D:5      | Noticed a phantom
  2991 | D:4      | Learned a level 1 spell: Confusing Touch
  3040 | D:4      | Reached XP level 7. HP: 24/46 MP: 10/10
  3902 | D:3      | Noticed Sigmund
  3910 | D:3      | Killed Sigmund
  3910 | D:3      | Reached skill level 5 in Fighting
  4524 | D:5      | Noticed Prince Ribbit
  4670 | D:5      | Found a staircase to the Ecumenical Temple.
  4679 | Temple   | Entered the Ecumenical Temple
  4758 | Temple   | Became a worshipper of Makhleb the Destroyer
  4798 | D:5      | Noticed Ijyb
  4825 | D:5      | Mangled by an ice beast

Skill      XL: |  1  2  3  4  5  6  7 |
---------------+----------------------+-----
Unarmed Combat | 4 5 6 |  6.0
Fighting       | 2 3 5 |  5.5
Translocations | 2 |  2.9
Dodging        | |  2.0
Spellcasting   | |  2.0
Transmutations | |  2.0

Action                   |  1- 3 |  4- 6 |  7- 9 || total
-------------------------+-------+-------+-------++-------
Melee: Unarmed           |    74 |   121 |    83 ||   278
       Constrict         |    21 |    40 |    12 ||    73
       Tentacles         |    10 |    22 |    11 ||    43
       Punch             |       |     4 |     1 ||     5
       Kick              |       |     2 |       ||     2
 Cast: Beastly Appendage |       |     1 |       ||     1
       Confusing Touch   |       |       |     6 ||     6
       Blink             |       |       |     2 ||     2
  Use: Potion            |       |     4 |       ||     4
       Scroll            |       |     5 |     4 ||     9
 Stab: Sleeping          |     7 |     3 |     4 ||    14
       Confused          |       |       |     5 ||     5
  Eat: Ration            |     1 |       |       ||     1
       Chunk             |       |     2 |     7 ||     9
Armor: Skin              |     8 |     5 |       ||    13
Dodge: Dodged            |    45 |    80 |    36 ||   161
